 Dungeon Crawl Stone Soup version 0.31.0-11-ge490571c62 (webtiles) character file.

Game seed: 2073905862439723432

175 qw the Ducker (level 5, -3/26 HPs)
             Began as a Spriggan Hunter on Feb 5, 2024.
             Slain by a scorpion (6 damage)
             ... on level 3 of the Dungeon.
             The game lasted 00:01:03 (1831 turns).

qw the Ducker (Spriggan Hunter)                     Turns: 1831, Time: 00:01:03

Health: -3/26      AC:  2    Str:  7    XL:     5   Next: 29%
Magic:  6/6        EV: 21    Int: 10    God:
Gold:   71         SH:  0    Dex: 21    Spells: 4/4 levels left

rFire   . . .        a - +3 shortbow
rCold   . . .        (shield currently unavailable)
rNeg    . . .        c - +0 robe
rPois   .            (helmet restricted)
rElec   .            (no cloak)
rCorr   .            (gloves unavailable)
SInv    +            (boots unavailable)
Will    .....        (no amulet)
Stlth   ++           (no ring)
HPRegen 0.24/turn    (no ring)
MPRegen 0.10/turn

%: no passive effects
@: lethally poisoned (-3 -> -10), very quick
A: very small, no large weapons, unfitting armour, see invisible, speed 3
a: no special abilities


You were on level 3 of the Dungeon.
You visited 1 branch of the dungeon, and saw 3 of its levels.

You collected 71 gold pieces.


Innate Abilities, Weirdness & Mutations

You are very small and have problems with some larger weapons.
You are too small for most types of armour.
You have supernaturally acute eyesight. (SInv)
You cover ground extremely quickly. (Speed+++)


   Skills:
 + Level 1.6 Fighting
 - Level 5.1 Ranged Weapons
 - Level 6.0 Dodging
 - Level 1.5 Stealth


You had 4 spell levels left.
You didn't know any spells.
Your spell library was empty.

Inventory:

Hand Weapons
 a - a +3 shortbow (weapon)
Armour
 c - a +0 robe (worn)
Potions
 b - a potion of might
 e - a potion of curing {unknown}
 f - a potion of attraction {unknown}
 h - a potion of brilliance {unknown}

Dungeon Overview and Level Annotations

Branches:
Dungeon (3/15)

Altars:

Shops:
D:2 ([


Message History

The ice beast hits you. The ice beast freezes you!
You shoot an arrow. The arrow hits the ice beast!
You kill the ice beast!
You feel your strength returning.
You feel your intelligence returning.
Your Dodging skill gained 2 levels and is now at level 6!
You have reached level 5!
You feel agile.
You shoot an arrow. The arrow hits the frilled lizard.
You kill the frilled lizard!
You shoot an arrow. The arrow closely misses the orc.
The orc priest shouts!
The orc closely misses you.
You shoot an arrow. The arrow hits the orc.
The orc is almost dead.
The orc closely misses you.
You shoot an arrow. The arrow hits the orc.
You kill the orc!
A dart slug comes into view.
You shoot an arrow. The arrow hits the orc!
You kill the orc!
An adder comes into view.
You shoot an arrow. The adder hisses angrily.
The arrow hits the scorpion.
The scorpion is lightly wounded.
You shoot an arrow. The arrow hits the scorpion!
The scorpion is severely wounded.
You shoot an arrow.
The arrow hits the scorpion but does no damage.
The scorpion is severely wounded.
The scorpion misses you.
You shoot an arrow. The arrow barely misses the scorpion.
The scorpion stings you.
You are lethally poisoned!
The scorpion poisons you! The scorpion closely misses you.
You shoot an arrow.
The arrow hits the scorpion but does no damage.
The scorpion is severely wounded.
You feel very sick. The scorpion stings you.
You die...

.. .. =# #.. .. ...#
.#..... .#..... .......
####....... ##.@sSw...#
####..##....##....
##....##.....#.....
#######..####............
#.......[..#.......).....
#....................)...
#..............).l.......
#).................[..$..
#..........#.....<.......


You could see a scorpion, an adder and a dart slug.

Vanquished Creatures
  An ice beast (D:3)
  Terence (D:2)
  A dart slug (D:1)
  A ribbon worm (D:2)
  4 orcs
  7 ball pythons
  3 endoplasms
  3 giant cockroaches
  3 goblins
  5 hobgoblins
  3 quokkas
  4 bats
  4 frilled lizards
  5 kobolds
  4 rats
49 creatures vanquished.

Notes
Turn   | Place    | Note
-------+----------+-------------------------------------------
     0 | D:1      | qw the Spriggan Hunter began the quest for the Orb.
     0 | D:1      | Reached XP level 1. HP: 10/10 MP: 2/2
     0 | D:1      | 0 ||| qw: Version: 0.3-a-160-g6735b56
     0 | D:1      | 0 ||| qw: Game counter: 6274
     0 | D:1      | 0 ||| qw: Melee chars always use a shield: true
     0 | D:1      | 0 ||| qw: God list: Okawaru
     0 | D:1      | 0 ||| qw: Allow faded altars: false
     0 | D:1      | 0 ||| qw: Do Orc after clearing Dungeon:15 true
     0 | D:1      | 0 ||| qw: Do second Lair branch before Depths: true
     0 | D:1      | 0 ||| qw: Lair rune preference: random
     0 | D:1      | 0 ||| qw: Goals: Normal
     0 | D:1      | 0 ||| PLANNING D:1-11
    62 | D:1      | Reached skill level 3 in Dodging
   203 | D:1      | Reached XP level 2. HP: 14/14 MP: 3/3
   224 | D:1      | Reached skill level 4 in Dodging
   757 | D:1      | 757 ||| READING 2 scrolls labelled XEABLU GUNGEL.
   757 | D:1      | 757 ||| ENCHANTING +0 shortbow.
   758 | D:1      | 758 ||| READING scroll of enchant weapon.
   758 | D:1      | 758 ||| ENCHANTING +1 shortbow.
   759 | D:1      | 759 ||| READING scroll labelled CAWIBISIPS.
   759 | D:1      | 759 ||| IDENTIFYING bubbling green potion
   760 | D:1      | 760 ||| READING scroll labelled YTYOSCH NAOCA.
   763 | D:1      | 763 ||| DRINKING 2 fuming yellow potions.
   764 | D:1      | 764 ||| DROPPING scroll of butterflies.
   765 | D:1      | 765 ||| DROPPING potion of lignification.
   766 | D:1      | 766 ||| DROPPING potion of degeneration.
   788 | D:2      | Reached XP level 3. HP: 18/18 MP: 4/4
   986 | D:2      | Found Dunegyur's Antique Weapon Shoppe.
  1212 | D:2      | Found Irofus's Antique Armour Emporium.
  1222 | D:2      | 1222 ||| SHOPLISTING runed cloak (202 gold, have 71).
  1314 | D:2      | Noticed Terence
  1322 | D:2      | Killed Terence
  1323 | D:2      | Reached XP level 4. HP: 8/22 MP: 5/5
  1570 | D:2      | 1570 ||| READING scroll of enchant weapon.
  1570 | D:2      | 1570 ||| ENCHANTING +2 shortbow.
  1668 | D:2      | 1668 ||| READING scroll of identify.
  1668 | D:2      | 1668 ||| IDENTIFYING smoky emerald potion
  1669 | D:2      | 1669 ||| READING scroll labelled JAMETT DANUT.
  1677 | D:3      | Noticed a scorpion
  1677 | D:3      | Noticed an ice beast
  1678 | D:3      | 1678 ||| STAIRDANCE
  1812 | D:3      | 1812 ||| RETREEEEATING.
  1821 | D:3      | Killed an ice beast
  1822 | D:3      | Reached skill level 6 in Dodging
  1822 | D:3      | Reached XP level 5. HP: 9/25 MP: 6/6
  1831 | D:3      | HP: 3/26 [poisoned by a scorpion]
  1831 | D:3      | Slain by a scorpion

Levels and vault maps discovered:
D:1:      lemuel_arrival_tunnels, layout_loops_cross, corexii_leaking_fountain,
          grunt_decor_mini_mirrors, minmay_crystal_room
D:2:      layout_loops_corners, serial_shops, shop,
          nicolae_shop_tiny_statue_garden, minmay_pentomino_p2, uniq_terence
D:3:      layout_rooms, okawaru_altar_gauntlet_db,
          minmay_misc_feat_more_columns, grunt_ministairs_7

Skill      XL: |  1  2  3  4 |
---------------+-------------+-----
Dodging        | 3 4 6 |  6.0
Ranged Weapons | 5 |  5.1
Fighting       | |  1.6
Stealth        | |  1.5

Action                     |  1- 3 |  4- 6 || total
---------------------------+-------+-------++-------
   Fire: Shortbow          |    78 |    35 ||   113
    Use: Scroll            |     4 |     3 ||     7
         Potion            |     1 |       ||     1
 Armour: Robe              |     4 |     5 ||     9
  Dodge: Dodged            |    22 |    10 ||    32

Table legend:
 A = Non-vault XP
 B = Vault XP
 C = Vault XP percentage of total XP
 D = Non-vault monster count
 E = Vault monster count
 F = Vault count percentage of total count
                 A         B        C        D         E       F
            +---------+---------+-------+---------+---------+-------
      Total |     212 |      38 |  15.2 |      46 |       3 |   6.1
            +---------+---------+-------+---------+---------+-------
        D:1 |      40 |       0 |   0.0 |      23 |       0 |   0.0
        D:2 |      31 |      38 |  55.1 |      16 |       3 |  15.8
        D:3 |     141 |       0 |   0.0 |       7 |       0 |   0.0
            +---------+---------+-------+---------+---------+-------
